Map: King's Cove LE

Players

Smileblind

  • Race: Protoss Protoss
  • League: Silver
  • Spawn Location: 11:00

A.I. 1 (Elite)

  • Race: Terran Terran
  • Spawn Location: 5:00

VOD

Have the link to the VOD?

Description

Time

  • Played on: Feb. 7, 2019, 4:29 a.m.
  • Length: 9:04
Show
View Real Time Build Order
Export as new Build Order

Smileblind Protoss 

Build Orders:  

Get SALT Encoding   

    0:49  Probe x12  
    1:01  Unknown  
  12  1:04  Probe  
  13  1:16  Probe  
  14  1:22  Pylon  
  14  1:28  Probe  
  15  1:42  Probe  
  15  1:43  Gateway  
  16  1:54  Assimilator  
  16  1:55  Probe  
  16  2:00  Assimilator  
  17  2:06  Probe  
  18  2:15  Probe  
  18  2:16  Gateway  
  19  2:23  Probe  
  20  2:33  Probe  
  21  2:38  Cybernetics Core  
  21  2:45  Probe  
  21  2:47  Pylon  
  22  2:55  Pylon  
  22  2:59  Probe  
  23  3:10  Warp Gate  
  23  3:11  Probe  
  24  3:14  Adept  
  26  3:25  Adept  
  28  3:32  Gateway  
  28  3:34  Gateway  
  28  3:42  Gateway  
  28  3:49  Adept  
  30  3:55  Adept  
  32  4:19  Adept x2  
  36  4:25  Stalker  
  38  4:45  Pylon  
  38  4:53  Pylon  
  44  5:12  Stalker  
  44  5:13  Stalker  
  42  5:23  Stalker  
  42  5:24  Stalker x2  
  48  5:36  Stalker  
  48  5:37  Stalker  
  52  5:49  Pylon  
  52  5:50  Pylon  
  52  5:58  Stalker  
  54  6:07  Stalker  
  54  6:08  Stalker  
  50  6:39  Stalker x2  
  54  6:40  Stalker x2  
Show
View Real Time Build Order
Export as new Build Order

A.I. 1 (Elite) Terran 

Build Orders: Command Center First (CC) 

Get SALT Encoding   

    0:49  SCV x12  
    1:01  Unknown  
    1:04  SCV  
  13  1:16  SCV  
  14  1:21  Supply Depot  
  14  1:28  SCV  
  15  2:02  Command Center  
  15  2:05  SCV  
  16  2:22  Barracks  
  16  2:23  SCV  
  17  2:35  SCV  
  18  2:47  SCV  
  19  2:52  Supply Depot  
  19  2:56  Refinery  
  19  2:59  SCV  
  20  3:09  Marine  
  21  3:21  SCV, Barracks  
  22  3:27  Refinery, Marine  
  22  3:30  SCV  
  24  3:45  Supply Depot, Marine  
  24  3:47  SCV  
  26  3:56  SCV  
  27  4:02  Marine  
  27  4:07  Marine  
  29  4:10  Factory  
  29  4:13  SCV  
  30  4:20  Marine  
  31  4:25  SCV, Marine  
  31  4:29  SCV  
  34  4:38  Marine  
  34  4:43  Marine  
  36  4:57  Barracks Tech Lab  
  36  5:01  Marine  
  37  5:16  Barracks  
  37  5:17  Marauder, Stimpack  
  37  5:19  Marine  
  40  5:36  Engineering Bay  
  40  5:37  Barracks Tech Lab  
  40  5:38  Marine  
  41  5:56  Marauder x2  
  45  6:05  Terran Infantry Weapons Level 1  
  45  6:17  Marauder x2  
  49  6:24  Supply Depot  
  44  6:26  Marine  
  38  6:38  Marine  
  38  6:39  Marauder  
  39  6:49  SCV  
  39  6:53  SCV  
  38  6:57  Marauder  
  38  7:00  Marine  
  29  7:14  SCV  
  29  7:17  Marine  
  27  7:25  SCV  
  8  8:28  Barracks  
Tags
 
Add a new tag
Caveats
  • Supply blocks, unpowered buildings, or Contaminate may cause inaccurate times.
  • Supply counts are checked every 10 seconds.